 Dungeon Crawl Stone Soup version 0.30.1-4-g462c640d31 (webtiles) character file.

Game seed: 9273254650339135426

3424 sizableburger the Fighter (level 10, -6/103 HPs)
             Began as a Naga Fighter on Sept 10, 2023.
             Was a Follower of Ashenzari.
             Mangled by a cyan ugly thing (14 damage)
             ... on level 9 of the Dungeon.
             The game lasted 00:20:41 (8980 turns).

sizableburger the Fighter (Naga Fighter)            Turns: 8980, Time: 00:20:42

Health: -6/103     AC: 11    Str: 22    XL:     10   Next: 5%
Magic:  10/10      EV: 19    Int:  8    God:    Ashenzari [*.....]
Gold:   582        SH:  4    Dex: 12    Spells: 9/9 levels left

rFire   . . .        a - +1 war axe (spect)
rCold   . . .        c - +0 buckler "Thunder Perfect Mind" {Bglg, Cun} (curse)
rNeg    . . .        C - +0 plate armour
rPois   +            t - +0 helmet
rElec   .            (no cloak)
rCorr   .            (no gloves)
SInv    +            (no barding)
Will    +....        g - amulet "I Foresaw This" {Acrobat, Evo, Self} (curse) Stlth
                     (no ring)
HPRegen 0.37/turn    (no ring)
MPRegen 0.12/turn

%: acrobat
@: acrobatic, invisible, very slow
A: AC +3, large, see invisible, deformed body, poison resistance, slowness 2,
spit poison 1, naga tail 1
a: Spit Poison, Renounce Religion, Curse Item, Shatter the Chains


You were on level 9 of the Dungeon.
You worshipped Ashenzari.
Ashenzari was aware of your devotion.
You visited 1 branch of the dungeon, and saw 9 of its levels.
You also visited: Sewer.

You collected 582 gold pieces.

Inventory:

Hand Weapons
 a - a +1 spectral war axe (weapon)
 m - a +3 battleaxe
 s - a +0 morningstar
Missiles
 o - a boomerang
 y - a curare-tipped dart
Armour
 c - the cursed +0 buckler "Thunder Perfect Mind" (worn) {Bglg, Cun}

   It has a curse which improves the following skills: Beguiling: Conjurations,
   Hexes and Translocations.
   Cunning:   Dodging and Stealth.
 t - a +0 helmet (worn)
 C - a +0 plate armour (worn)
Jewellery
 g - the cursed amulet "I Foresaw This" (around neck) {Acrobat, Evo, Self}
   (You took it off an orc on level 3 of the Dungeon)

   [amulet of the acrobat]

   It increases your evasion while moving and waiting.
   It has a curse which improves the following skills: Evocations: Evocations.
   Introspection: Fighting and Spellcasting.
 z - an amulet of magic regeneration
Wands
 v - a wand of charming (36)
 B - a wand of roots (8)
Scrolls
 b - a scroll of silence
 j - 3 scrolls of teleportation
 p - 2 scrolls of fog
 u - 2 scrolls of magic mapping
 w - a scroll of blinking
Potions
 d - 3 potions of might
 e - a potion of cancellation
 f - 3 potions of heal wounds
 h - 2 potions of magic
 i - 3 potions of curing
 l - a potion of haste
 n - 2 potions of brilliance
 q - 4 potions of mutation
 r - a potion of lignification
 x - 3 potions of flight
 D - a potion of ambrosia


   Skills:
 + Level 9.8(10.6) Fighting
 + Level 6.2(7.7) Axes
 - Level 7.0(8.1) Maces & Flails
 + Level 4.5 Armour
 - Level 2.6 Shields
 - Level 0.8(1.3) Evocations


You had 9 spell levels left.
You didn't know any spells.
Your spell library contained the following spells:

 Spells                   Type           Power      Damage    Failure   Level
 Apportation              Tloc           0%         N/A       100%        1
 Necrotise                Necr           0%         1d4       100%        1
 Sandblast                Erth           0%         2d4       100%        1
 Summon Small Mammal      Summ           0%         N/A       100%        1
 Passwall                 Tmut/Erth      0%         N/A       100%        2
 Stone Arrow              Conj/Erth      0%         3d7       100%        3
 Animate Dead             Necr           0%         N/A       100%        4
 Borgnjor's Vile Clutch   Necr/Erth      0%         N/A       100%        5
 Death Channel            Necr           0%         N/A       100%        6
 Haunt                    Necr/Summ      0%         N/A       100%        7
 Infestation              Necr           0%         N/A       100%        8


Dungeon Overview and Level Annotations

Branches:
Dungeon (9/15)             Temple (0/1) D:7           Sewer (visited)
   Lair: D:8-11         Orc: D:9-12

Altars:
Ashenzari

Shops:
D:5 !=?

Annotations:
D:5 2 transporters


Innate Abilities, Weirdness & Mutations

Your serpentine skin is tough. (AC +3)
You have supernaturally acute eyesight. (SInv)
Armour fits poorly on your strangely shaped body.
Your system is resistant to poisons. (rPois)
You cover ground very slowly.
You can spit poison.
You have a snake-like lower body.


Message History

You slash the cyan ugly thing!
The cyan ugly thing is heavily wounded.
Your +1 spectral war axe completely misses the cyan ugly thing.
The cyan ugly thing barely misses you.
You hit the cyan ugly thing but do no damage.
The cyan ugly thing is heavily wounded.
Your +1 spectral war axe hits the cyan ugly thing!
The cyan ugly thing bites your +1 spectral war axe!
Your spectral weapon shares its damage with you!
The cyan ugly thing shocks your +1 spectral war axe.
Your +1 spectral war axe resists.
Your spectral weapon shares its damage with you!
You catch the helpless cyan ugly thing completely off-guard!
You hit the cyan ugly thing but do no damage.
The cyan ugly thing is heavily wounded.
Your +1 spectral war axe hits the cyan ugly thing!
The cyan ugly thing misses your +1 spectral war axe.
The cyan ugly thing barely misses your +1 spectral war axe.
You hit the cyan ugly thing but do no damage.
The cyan ugly thing is severely wounded.
Your +1 spectral war axe completely misses the cyan ugly thing.
The cyan ugly thing bites you. The cyan ugly thing shocks you!
Unknown command.
You barely miss the cyan ugly thing.
The cyan ugly thing is severely wounded.
Your +1 spectral war axe barely misses the cyan ugly thing.
The cyan ugly thing bites you! The cyan ugly thing shocks you!
You slash the cyan ugly thing!
The cyan ugly thing is almost dead.
Your +1 spectral war axe hits the cyan ugly thing but does no damage.
The cyan ugly thing bites you. The cyan ugly thing shocks you!
* * * LOW HITPOINT WARNING * * *
Okay, then.
Okay, then.
Your +1 spectral war axe disappears.
You block the cyan ugly thing's attack. The cyan ugly thing bites you!
* * * LOW HITPOINT WARNING * * *
The cyan ugly thing shocks you!
You die...

## ###. ##... #
#....###.#
#..#....#
#.......#
#####.#.#.#
#.##u.###
##..#@##
#.<...#
##..........
#..........
............
.............
...............
...............
...............


You could see a cyan ugly thing (unable to see you).

Vanquished Creatures
  2 steam dragons (D:8)
  Menkaure (D:5)
  An acid dragon (D:8)
  2 water moccasins
  2 orc warriors
  2 ice beasts
  A sky beast (D:6)
  A black bear (D:6)
  3 centaurs
  4 kobold brigands
  A bullfrog (D:8)
  3 scorpions
  6 wights
  6 killer bees (D:5)
  A howler monkey (D:2)
  3 orc priests
  5 hounds
  3 jellies (D:6)
  A gnoll bouda (D:5)
  2 iguanas
  4 orc wizards
  6 gnolls
  6 adders
  A shadow imp (D:6)
  4 white imps
  2 dart slugs
  5 worms
  21 orcs
  7 ball pythons
  8 endoplasms
  4 giant cockroaches
  10 goblins
  8 hobgoblins
  7 jackals
  16 kobolds
  4 quokkas
  7 bats
  3 frilled lizards
  14 rats
187 creatures vanquished.

Notes
Turn   | Place    | Note
-------+----------+-------------------------------------------
     0 | D:1      | sizableburger the Naga Fighter began the quest for the Orb.
     0 | D:1      | Reached XP level 1. HP: 21/21 MP: 1/1
   320 | D:1      | Reached XP level 2. HP: 28/28 MP: 2/2
   604 | D:1      | Reached XP level 3. HP: 34/34 MP: 3/3
  1576 | D:2      | Reached skill level 4 in Fighting
  1576 | D:2      | Reached XP level 4. HP: 37/44 MP: 4/4
  2387 | D:3      | Reached XP level 5. HP: 46/51 MP: 5/5
  2829 | D:3      | Reached skill level 5 in Fighting
  3134 | D:3      | Reached XP level 6. HP: 61/61 MP: 6/6
  3387 | D:4      | Found a broken altar of Ashenzari.
  3440 | D:4      | Reached skill level 1 in Maces & Flails
  3928 | D:5      | Entered Level 5 of the Dungeon
  3956 | D:4      | Became a worshipper of Ashenzari the Shackled
  4019 | D:5      | Reached XP level 7. HP: 31/68 MP: 7/7
  4029 | D:5      | Found a glowing drain.
  4153 | Sewer    | Entered a sewer
  4200 | Sewer    | Reached skill level 6 in Fighting
  4288 | Sewer    | Found a white marble altar of Elyvilon.
  4496 | D:5      | Found a transporter.
  4517 | D:5      | Found a transporter.
  4663 | D:5      | Noticed Menkaure
  4668 | D:5      | Killed Menkaure
  4669 | D:5      | Reached skill level 7 in Fighting
  4669 | D:5      | Reached XP level 8. HP: 43/80 MP: 8/8
  4941 | D:5      | Found Yseoc's Distillery.
  4943 | D:5      | Found Toepniq's Jewellery Shop.
  5118 | D:5      | Reached skill level 5 in Maces & Flails
  5525 | D:5      | Found Irud's Magic Scroll Shop.
  5816 | D:6      | Reached skill level 8 in Fighting
  6022 | D:6      | Reached XP level 9. HP: 86/90 MP: 9/9
  6312 | D:6      | Reached * piety under Ashenzari
  6613 | D:7      | Identified the +0 ring mail of Qusal {Will+ Regen+ rCorr}
  6653 | D:7      | Reached skill level 9 in Fighting
  7006 | D:7      | Reached skill level 5 in Axes
  7095 | D:7      | Found a staircase to the Ecumenical Temple.
  7498 | D:8      | HP: 4/93 [steam dragon/ball of steam (27)]
  8458 | D:8      | Reached XP level 10. HP: 81/103 MP: 10/10
  8969 | D:9      | Noticed a cyan ugly thing
  8980 | D:9      | Mangled by a cyan ugly thing

Illustrated notes

Levels and vault maps discovered:
D:1:      dpeg_arrival_circle_labyrinth_b, layout_basic
D:2:      layout_basic
D:3:      layout_basic, minmay_increasing_density
D:4:      layout_loops_cross, mainiacjoe_overflow_tiny_flanked,
          kennysheep_generic_room_4
D:5:      gammafunk_steamed_eel, layout_basic, cheibrodos_sewer_entry_drain,
          nicolae_stop_n_shop_2, nicolae_wooded_promenade, uniq_menkaure
D:6:      layout_cave_pools
D:7:      layout_basic, minmay_temple_entry_wispy, minmay_misc_feat_diagonals
D:8:      layout_loops_ring
D:9:      layout_cave_pools, dpeg_oklobed_lair, minmay_three_doors

Skill      XL: |  1  2  3  4  5  6  7  8  9 |
---------------+----------------------------+-----
Axes           | 3 4 6 |  6.2
Fighting       | 4 5 7 8 9 |  9.8
Maces & Flails | 2 4 6 7 |  7.0
Armour         | 4 |  4.5
Shields        | |  2.6
Evocations     | |  0.8

Action                     |  1- 3 |  4- 6 |  7- 9 | 10-12 || total
---------------------------+-------+-------+-------+-------++-------
  Melee: War axe           |    85 |   106 |   106 |    35 ||   332
         Mace              |       |    69 |   166 |       ||   235
 Invoke: Curse Item        |       |       |     2 |       ||     2
Ability: Spit Poison       |     5 |     5 |     8 |       ||    18
  Evoke: Wand              |       |       |     3 |       ||     3
    Use: Scroll            |       |     4 |    13 |       ||    17
         Potion            |       |       |     3 |     1 ||     4
   Stab: Invisible         |       |       |       |     1 ||     1
 Armour: Scale mail        |    45 |    78 |   110 |       ||   233
         Chain mail        |       |       |    39 |    10 ||    49
  Dodge: Dodged            |    28 |    50 |   119 |     7 ||   204
  Block: Buckler           |     8 |    35 |    58 |     6 ||   107
